 Dungeon Crawl Stone Soup version 0.31-a0-1139-gec03705108 (webtiles) character file.

Game seed: 8247705806036929519

77 Bnni the Poker (level 4, 0/41 HPs)
             Began as a Minotaur Fighter on Dec 6, 2023.
             Succumbed to an orc wizard's poison
             ... on level 3 of the Dungeon.
             The game lasted 00:02:19 (1189 turns).

Bnni the Poker (Minotaur Fighter)                   Turns: 1189, Time: 00:02:20

Health: 0/41       AC:  9    Str: 20 (22) XL:     4   Next: 14%
Magic:  3/3        EV:  7    Int:  3 (5)  God:
Gold:   88         SH:  4    Dex:  8 (10) Spells: 3/3 levels left

rFire   . . .        a - +0 trident
rCold   . . .        c - +0 buckler
rNeg    . . .        e - +0 chain mail
rPois   .            (helmet unavailable)
rElec   .            (no cloak)
rCorr   +            (no gloves)
SInv    .            (no boots)
Will    .....        n - amulet of magic regeneration Stlth
                     f - ring of resist corrosion
HPRegen 0.26/turn    (no ring)
MPRegen 0.48/turn

%: no passive effects
@: lethally poisoned (0 -> -25)
A: horns 3, retaliatory headbutt, MP-powered wands
a: no special abilities


You were on level 3 of the Dungeon.
You visited 1 branch of the dungeon, and saw 3 of its levels.

You collected 88 gold pieces.

Inventory:

Hand Weapons
 a - a +0 trident (weapon)
Armour
 c - a +0 buckler (worn)
 e - a +0 chain mail (worn)
Jewellery
 f - a ring of resist corrosion (left hand)
 n - an amulet of magic regeneration (around neck)
Scrolls
 b - 2 scrolls of blinking {unknown}
 h - a scroll of enchant armour {unknown}
 i - 4 scrolls of identify {unknown}
 j - a scroll of vulnerability {unknown}
 k - a scroll of fear {unknown}
 m - 2 scrolls of noise {unknown}
Potions
 d - a potion of might


   Skills:
 + Level 4.5 Fighting
 * Level 4.6 Polearms
 - Level 3.6 Armour
 - Level 3.6 Shields


You had 3 spell levels left.
You didn't know any spells.
Your spell library contained the following spells:

 Spells                   Type           Power      Damage    Failure   Level
 Foxfire                  Conj/Fire      0%         2x1d4     99%         1
 Volatile Blastmotes      Fire/Tloc      0%         2d10      100%        3
 Fulminant Prism          Conj/Hex       0%         3d5       100%        4
 Iskenderun's Mystic Bla  Conj/Tloc      0%         2d3       100%        4
 Conjure Ball Lightning   Conj/Air       0%         3x3d6     100%        6
 Plasma Beam              Fire/Air       0%         2x1d10    100%        6
 Starburst                Conj/Fire      0%         6d3       100%        6
 Discord                  Hex            0%         N/A       100%        8
 Disjunction              Tloc           0%         N/A       100%        8


Dungeon Overview and Level Annotations

Branches:
Dungeon (3/15)

Altars:
Elyvilon
Kikubaaqudgha
Ru


Innate Abilities, Weirdness & Mutations

You have a pair of large horns on your head.
You reflexively headbutt those who attack you in melee.
You expend magic power (3 MP) to strengthen your wands.


Message History

You puncture the orc!
You kill the orc!
Something hits you.
You are poisoned.
The orc throws a boomerang.
The boomerang hits you.
You reach to attack!
You barely miss the orc.
You feel very sick.
You puncture the orc!
You kill the orc!
You hear a splash. x3
You feel sick. Something hits you.
You are more poisoned.
You enter the shallow water.
Moving in this stuff is going to be slow.
You feel very sick. Something hits you but does no damage.
You are more poisoned.
Items here: ( )) [[ †.
Unknown command.
You feel very sick. Something hits you but does no damage.
You are lethally poisoned!
Something hits you but does no damage.
You are more poisoned.
It was a potion of degeneration.
There was something very wrong with that liquid.
You feel weakened.
You feel dopey.
You feel clumsy.
* * * LOW HITPOINT WARNING * * *
You feel very sick. Something hits you but does no damage.
Unknown command.
It was a potion of mutation.
You feel extremely strange. The horns on your head grow some more.
You feel your magical essence link to the dungeon's wands.
* * * LOW HITPOINT WARNING * * *
You feel very sick. Something hits you but does no damage.
You are more poisoned.
You closely miss something.
You die...

.################...........##.##
.# ###............#8 .# ♣♣♣
#...##...#.#..## .♣♣ ♣♣♣.♣♣♣
♣♣...##...#...... ..♣♣ ♣♣.....♣♣
♣♣.....+...+......
...♣♣♣.......♣♣♣..........###....
≈...♣...≈~≈...♣...≈~≈.....#......
≈≈.†...≈≈~≈≈....)≈≈~≈≈....#......
~~.....~~_~~....@)~♣~o...........
≈≈.....≈≈~≈≈....)≈≈~≈≈.....######
≈...♣...≈~≈...♣...≈~≈............
...♣♣♣.......♣♣♣.................
..♣♣ ♣♣.....♣♣ ♣♣................
.♣ ♣♣♣.♣♣♣ ♣♣........#...... .
♣♣♣ #........#......
#.#.###..#...... +# .# ..#..#..#


There were no monsters in sight!

Vanquished Creatures
  3 adders
  A dart slug (D:1)
  4 orcs (D:3)
  4 endoplasms
  A giant cockroach (D:3)
  2 hobgoblins
  2 quokkas
  4 ball pythons
  3 bats
  4 frilled lizards
  4 goblins
  10 kobolds
  4 rats
46 creatures vanquished.

Notes
Turn   | Place    | Note
-------+----------+-------------------------------------------
     0 | D:1      | Bnni the Minotaur Fighter began the quest for the Orb.
     0 | D:1      | Reached XP level 1. HP: 19/19 MP: 0/0
   238 | D:1      | Reached XP level 2. HP: 27/27 MP: 1/1
   741 | D:2      | Reached XP level 3. HP: 33/33 MP: 2/2
   932 | D:2      | You fall into a shaft and drop 1 floor!
   959 | D:3      | Found a sacrificial altar of Ru.
   963 | D:3      | Found an ancient bone altar of Kikubaaqudgha.
  1076 | D:3      | Reached XP level 4. HP: 37/41 MP: 3/3
  1098 | D:3      | Found a white marble altar of Elyvilon.
  1188 | D:3      | Gained mutation: You have a pair of large horns on your
                  | head. [potion of mutation]
  1188 | D:3      | Gained mutation: You expend magic power (3 MP) to
                  | strengthen your wands. [potion of mutation]
  1189 | D:3      | Succumbed to an orc wizard's poison

Illustrated notes

Levels and vault maps discovered:
D:1:      ncdulo_wetmaze, layout_loops_ring, chequers_avenue
D:2:      layout_loops_ring, minmay_misc_feat_plants, hex_tiny
D:3:      layout_basic, mainiacjoe_overflow_brackets, elyvilon_altar_3,
          minitemple, serial_corexii_hall, chequers_hall_statues_y,
          chequers_hall_statues_corner_a

Skill      XL: |  1  2  3 |
---------------+----------+-----
Polearms       | 3 4 |  4.6
Fighting       | 4 |  4.5
Armour         | |  3.6
Shields        | |  3.6

Action                     |  1- 3 |  4- 6 || total
---------------------------+-------+-------++-------
  Melee: Trident           |    89 |    16 ||   105
         Headbutt          |     4 |     1 ||     5
    Use: Potion            |       |     2 ||     2
 Armour: Chain mail        |    23 |    17 ||    40
         Scale mail        |     2 |       ||     2
  Dodge: Dodged            |    19 |    10 ||    29
  Block: Buckler           |    10 |     3 ||    13

Table legend: (Time is in decaauts)
 A = Elapsed time spent in this place.
 B = Non-inter-level travel time spent in this place.
 C = Inter-level travel time spent in this place.
 D = Time resting spent in this place.
 E = Time spent auto-exploring this place.
 F = Levels seen in this place.
 G = Mean time per level.
                   A        B        C        D        E       F      G
               +--------+--------+--------+--------+--------+-----+--------+
         Total |   1215 |   1206 |      9 |      0 |    919 |   3 |  405.0 |
       Dungeon |   1215 |   1206 |      9 |      0 |    919 |   3 |  405.0 |
               +--------+--------+--------+--------+--------+-----+--------+

Top non-repeatable levels by time:
     D:1: 684 daAuts
     D:2: 266 daAuts
     D:3: 264 daAuts
